[Event "Team 45 45 League T50"]
[Site "Internet Chess Club"]
[Date "2011.08.16"]
[Round "1"]
[White "badmove"]
[Black "misuc56"]
[Result "1-0"]
[WhiteElo "1787"]
[BlackElo "1783"]
[Opening "Queen's gambit declined"]
[ECO "D30"]
[Time "08:03:21"]
[TimeControl "2700+45"]

1. d4 d5 2. c4 e6 3. g3 c6 4. Nf3 f5 5. Bg2 Nf6 6. O-O Bd6 7. b3 O-O 8. Ba3 Qe7
9. Bxd6 Qxd6 10. c5 Qc7 11. Ne5 Nbd7 12. Nd3 e5 13. dxe5 Nxe5 14. Nd2 Qe7 15.
Qc2 Bd7 16. Nf3 Nf7 17. Rfe1 Rae8 18. b4 a6 19. Nd4 g6 20. a4 Ne5 21. Rab1 Nc4
22. Ra1 Ne4 23. b5 axb5 24. axb5 Nxc5 25. bxc6 Bxc6 26. Nf4 Qd6 27. Nd3 Ne6 28.
Nb3 Rf7 29. e3 Ne5 30. Nd2 Nxd3 31. Qxd3 Nc5 32. Qd4 Ne4 33. Nf3 Qf6 34. Qb4 g5
35. Ra2 h6 36. Nd2 g4 37. Nxe4 fxe4 38. Bf1 Ref8 39. Bb5 h5 40. Rea1 h4 41. Bf1
h3 42. Qe1 Qe5 43. Rd2 Qg7 44. Raa2 Rf6 45. Qc1 Qg5 46. Qc3 Qf5 47. Qd4 Re6 48.
Qc3 Ref6 49. Qd4 R6f7 50. Qb6 Qf6 51. Qc5 Rd7 52. Rd4 Rdd8 53. Rdd2 Ra8 54. Qc2
Rxa2 55. Qxa2 Rd8 56. Qa5 Rf8 57. Qa3 Rd8 58. Qa5 Rc8 59. Qc5 Ra8 60. Qb6 Ra1
61. Rxd5 Bxd5 62. Qxf6 Bc4 63. Qxa1 {Black resigns} 1-0

[Event "Team 45 45 League T50"]
[Site "Internet Chess Club"]
[Date "2011.08.12"]
[Round "1"]
[White "rubo"]
[Black "Kingofknights"]
[Result "1/2-1/2"]
[WhiteElo "1708"]
[BlackElo "1678"]
[Opening "Bird's opening: Lasker variation"]
[ECO "A03"]
[Time "20:00:21"]
[TimeControl "2700+45"]

1. f4 d5 2. Nf3 c5 3. e3 Nf6 4. b3 Bg4 5. Bb2 e6 6. Bb5+ Nbd7 7. O-O a6 8. Bxd7+
Qxd7 9. a4 Bd6 10. h3 Bxf3 11. Qxf3 Qc7 12. Nc3 O-O-O 13. d3 d4 14. exd4 cxd4
15. Ne4 Nxe4 16. Qxe4 Bc5 17. g4 h5 18. g5 Qd6 19. Qe5 f6 20. Qxd6 Rxd6 21. h4
Rd5 22. Rae1 Re8 23. Rf2 Bb4 24. Re4 Bc5 25. Rfe2 e5 26. fxe5 Rdxe5 27. gxf6
Rxe4 28. Rxe4 Rxe4 29. dxe4 gxf6 30. Kg2 Kd7 31. Kf3 Ke6 32. Bc1 Bd6 33. Bd2 Be5
34. Be1 Kd6 35. Ke2 Kc5 36. Kd3 b5 37. axb5 axb5 38. b4+ Kd6 39. Bf2 Ke6 40.
Bxd4 Bg3 41. Bg1 Bxh4 42. Bh2 Be1 43. c4 Bxb4 44. cxb5 Kd7 45. Bg3 Bd6 46. Bh4
Ke6 47. Kc4 f5 48. exf5+ Kxf5 49. Kd5 Bb8 50. b6 Kg4 51. Bd8 Bf4 52. Bc7 Be3 53.
b7 Ba7 54. Ke4 h4 55. Bd6 h3 56. Bh2 Kg5 57. Kd5 Kg4 58. Kc6 Kf3 59. Kb5 Kg2 60.
Ka6 Kxh2 61. Kxa7 Kg2 62. b8=Q h2 63. Qg8+ Kf1 64. Qd5 Kg1 65. Qg5+ Kf1 66. Qh4
Kg1 67. Qg3+ Kh1 68. Qh3 Kg1 69. Qe3+ Kg2 70. Kb6 h1=Q 71. Qe4+ Kg1 {Game drawn
by mutual agreement} 1/2-1/2

[Event "Team 45 45 League T50"]
[Site "Internet Chess Club"]
[Date "2011.08.12"]
[Round "1"]
[White "eurander"]
[Black "QueensCounselor"]
[Result "1/2-1/2"]
[WhiteElo "2134"]
[BlackElo "2147"]
[Opening "Petrov: French attack"]
[ECO "C42"]
[Time "15:00:18"]
[TimeControl "2700+45"]

1. e4 e5 2. Nf3 Nf6 3. Nxe5 d6 4. Nf3 Nxe4 5. d3 Nf6 6. Bg5 Be7 7. d4 d5 8. Bd3
O-O 9. Nbd2 Nc6 10. c3 h6 11. Bh4 Ne4 12. Bxe7 Qxe7 13. O-O Nxd2 14. Qxd2 Qf6
15. Rfe1 Bf5 16. Bxf5 Qxf5 17. Ne5 Nxe5 18. Rxe5 Qd7 19. Rae1 Rfe8 20. Qf4 Rxe5
21. Rxe5 c6 22. Qe3 Kf8 23. h3 Re8 24. Qg3 a6 25. Kf1 f6 26. Rxe8+ Qxe8 27. Qd6+
Qe7 28. Qb8+ Kf7 29. Qc8 g6 30. h4 Kg7 31. g3 {Game drawn by mutual agreement}
1/2-1/2

[Event "Team 45 45 League T50"]
[Site "Internet Chess Club"]
[Date "2011.08.14"]
[Round "1"]
[White "fledermaus"]
[Black "VietLion"]
[Result "1-0"]
[WhiteElo "1961"]
[BlackElo "1891"]
[Opening "Old Benoni defense"]
[ECO "A46"]
[Time "16:30:52"]
[TimeControl "2700+45"]

1. d4 Nf6 2. Nf3 c5 3. d5 e6 4. Nc3 d6 5. e4 e5 6. Be2 a6 7. a4 Be7 8. O-O Nbd7
9. Ne1 O-O 10. Be3 Ne8 11. Qd2 Qc7 12. b3 Nb8 13. Bd3 g6 14. a5 f5 15. f4 Bh4
16. Nf3 Bf6 17. Ra2 Bg7 18. Ng5 Nf6 19. fxe5 Ng4 20. exd6 Qxd6 21. Bf4 Be5 22.
h3 Bd4+ 23. Kh1 Ne5 24. Na4 h6 25. Nf3 Nxf3 26. Rxf3 Qe7 27. Bxh6 Re8 28. exf5
Bxf5 29. Bxf5 Qe1+ 30. Qxe1 Rxe1+ 31. Kh2 Be5+ 32. Bf4 gxf5 33. Nb6 Ra7 34. c4
Re4 35. Bxe5 Rxe5 36. Raf2 {Black resigns} 1-0

[Event "Team 45 45 League T50"]
[Site "Internet Chess Club"]
[Date "2011.08.14"]
[Round "1"]
[White "subterfuge"]
[Black "jonesey"]
[Result "0-1"]
[WhiteElo "1752"]
[BlackElo "1946"]
[Opening "Queen's pawn game"]
[ECO "D00"]
[Time "13:06:50"]
[TimeControl "2700+45"]

1. d4 Nf6 2. Nc3 d5 3. Bf4 e6 4. e3 Bb4 5. Bd3 c5 6. dxc5 Nbd7 7. Bd6 Nxc5 8.
Bxc5 Bxc5 9. Nge2 Bd7 10. a3 O-O 11. Nf4 Rc8 12. O-O a6 13. Kh1 Bc6 14. Nh5 d4
15. Nxf6+ Qxf6 16. Ne4 Bxe4 17. Bxe4 Rc7 18. b4 Bd6 19. Qe2 Qe5 20. Bxh7+ Kxh7
21. g3 Qe4+ 22. Kg1 dxe3 23. Rae1 exf2+ 24. Qxf2 Qxc2 25. Qe3 Rc3 26. Qg5 Qg6
27. Qh4+ Qh6 28. Qe4+ Kg8 29. Rf2 Rc1 30. Re2 Rxe1+ 31. Rxe1 Qd2 32. Re2 Qc1+
33. Kg2 Qc6 {White resigns} 0-1

[Event "Team 45 45 League T50"]
[Site "Internet Chess Club"]
[Date "2011.08.13"]
[Round "1"]
[White "fishhead"]
[Black "Razorbackchess"]
[Result "1-0"]
[WhiteElo "1847"]
[BlackElo "1789"]
[Opening "Sicilian: Taimanov (Bastrikov) variation"]
[ECO "B47"]
[Time "13:06:29"]
[TimeControl "2700+45"]

1. e4 c5 2. Nf3 e6 3. d4 cxd4 4. Nxd4 Nc6 5. Nc3 Qc7 6. g3 a6 7. Bg2 d6 8. O-O
Bd7 9. Be3 Nf6 10. h3 Be7 11. f4 O-O 12. Qe2 Rac8 13. Rad1 b5 14. a3 Nxd4 15.
Bxd4 e5 16. Be3 Be6 17. Qd2 Bc4 18. Rf2 Nh5 19. Kh2 exf4 20. gxf4 f5 21. exf5
Bh4 22. Bd5+ Kh8 23. Rg2 Rxf5 24. Bf3 Nf6 25. Qxd6 h5 26. Ne4 Bd5 27. Qxc7 Rxc7
28. Nxf6 Bxf3 29. Rd8# {Black checkmated} 1-0

[Event "Team 45 45 League T50"]
[Site "Internet Chess Club"]
[Date "2011.08.15"]
[Round "1"]
[White "MJYSONG"]
[Black "NFork"]
[Result "1-0"]
[WhiteElo "1798"]
[BlackElo "2259"]
[Opening "Queen's pawn: Franco-Indian (Keres) defense"]
[ECO "A40"]
[Time "10:08:57"]
[TimeControl "2700+45"]

1. d4 e6 2. c4 Bb4+ 3. Bd2 a5 4. g3 Nf6 5. Bg2 Nc6 6. Nf3 Ne4 7. O-O Nxd2 8.
Nbxd2 d5 9. e3 O-O 10. Qc2 f5 11. Rfd1 a4 12. Rac1 Bd7 13. Ne1 Be8 14. Nd3 g6
15. Nf4 Bf7 16. Nf3 Be7 17. a3 Qb8 18. Nd3 Bf6 19. cxd5 exd5 20. Nc5 Rd8 21.
Nxa4 Na5 22. Qxc7 Qxc7 23. Rxc7 Nc4 24. b3 b5 25. bxc4 Rxa4 26. cxb5 Rxa3 27.
Rb1 Rb8 28. Ne5 Bxe5 29. dxe5 Rb6 30. Rc6 Raa6 31. e6 Be8 32. Rxb6 Rxb6 33. Bxd5
Kf8 34. Bc4 Ke7 35. Ra1 Rb7 36. h4 h5 37. Rb1 Kd6 38. b6 Kc5 39. Ba6 Rb8 40.
Rc1+ Kd6 41. Rc8 Rxb6 42. Rxe8 Rxa6 43. Rg8 Ke5 44. e7 {Black resigns} 1-0

[Event "Team 45 45 League T50"]
[Site "Internet Chess Club"]
[Date "2011.08.12"]
[Round "1"]
[White "DarkFlow"]
[Black "Razvanel"]
[Result "0-1"]
[WhiteElo "1954"]
[BlackElo "2014"]
[Opening "King's Indian: fianchetto, classical variation"]
[ECO "E67"]
[Time "11:00:34"]
[TimeControl "2700+45"]

1. c4 Nf6 2. g3 g6 3. Bg2 Bg7 4. Nc3 O-O 5. d4 d6 6. Nf3 Nbd7 7. O-O e5 8. b3
exd4 9. Nxd4 a5 10. Bb2 Nc5 11. Qc2 c6 12. Rad1 Qb6 13. Rfe1 Rd8 14. Bc1 Ne6 15.
Nxe6 fxe6 16. e4 e5 17. Bg5 h6 18. Be3 Qc7 19. Na4 c5 20. Nc3 Bd7 21. Qd2 Bc6
22. Bxh6 Bxh6 23. Qxh6 Qg7 24. Qxg7+ Kxg7 25. Rd2 Kf7 26. Red1 Ke7 27. Nd5+ Nxd5
28. exd5 Bd7 29. h4 b5 30. Rb2 b4 31. Re1 Kf6 32. Kh2 a4 33. Ree2 a3 34. Rb1 Re8
35. Rf1 Bf5 36. Be4 Bd7 37. f4 exf4 38. Rxf4+ Kg7 39. Ref2 Re7 40. Bc2 Be8 41.
Rf6 Rd8 42. R6f4 Rf7 43. Rxf7+ Bxf7 44. Re2 Re8 45. Rxe8 Bxe8 46. g4 Kf6 47. Kg3
Ke5 48. Kf3 Kd4 49. Kf4 Kc3 50. Bxg6 Bxg6 51. h5 Bb1 52. g5 Bxa2 53. g6 Bb1 54.
g7 Bh7 55. Kg5 a2 56. Kf6 a1=Q 57. Kf7 Kxb3 {White resigns} 0-1

[Event "Team 45 45 League T50"]
[Site "Internet Chess Club"]
[Date "2011.08.14"]
[Round "1"]
[White "musk6868"]
[Black "Greedy-Reedy"]
[Result "0-1"]
[WhiteElo "1981"]
[BlackElo "1975"]
[Opening "Benkö gambit: fianchetto variation"]
[ECO "E60"]
[Time "13:00:21"]
[TimeControl "2700+45"]

1. d4 Nf6 2. Nf3 g6 3. c4 c5 4. d5 b5 5. cxb5 a6 6. bxa6 Bxa6 7. Nc3 d6 8. g3
Bg7 9. Bg2 Nbd7 10. O-O O-O 11. h3 Qa5 12. Re1 Rfb8 13. Qc2 Ne8 14. e4 Ra7 15.
Bf4 Rxb2 16. Qxb2 Bxc3 17. Qc2 Bxa1 18. Rxa1 Nc7 19. Nd2 Nb5 20. Nb3 Qc7 21. a4
Nd4 22. Nxd4 cxd4 23. Qb2 d3 24. Bf1 Qc4 25. Rc1 Qxe4 26. Be3 Ra8 27. Qb3 Rb8
28. Qa2 Ne5 29. Bg2 Qb4 30. Rd1 Bc4 31. Qa1 Ra8 32. Rb1 Rxa4 33. Rxb4 Rxa1+ 34.
Kh2 Ba6 35. Bh6 Nd7 36. Rb2 Ra5 37. Bf3 Rb5 38. Ra2 Nc5 39. Be3 Bb7 40. Rd2 Rb3
41. h4 e5 42. Bd1 Rc3 43. Bxc5 dxc5 44. d6 Bc6 45. Bf3 Bd7 46. Bh1 f5 47. Bd5+
Kg7 48. Kg2 Kf6 49. Kf3 e4+ 50. Ke3 Ke5 51. Bg8 h6 52. Bf7 g5 53. hxg5 hxg5 54.
f4+ exf3 55. Kxf3 Kxd6 56. Ke3 Bb5 57. Bg6 Ke5 58. Rf2 Bd7 59. Rf1 c4 60. Re1
Rc2 61. Kf3+ Kf6 62. Be8 Bxe8 63. Rxe8 d2 64. Rd8 c3 65. Ke2 Rc1 66. Rd3 Re1+
67. Kf2 d1=Q 68. g4 Qxd3 69. gxf5 Re2+ 70. Kf1 Qd1# {White checkmated} 0-1

[Event "Team 45 45 League T50"]
[Site "Internet Chess Club"]
[Date "2011.08.13"]
[Round "1"]
[White "j65536d"]
[Black "Egmont"]
[Result "0-1"]
[WhiteElo "1771"]
[BlackElo "1753"]
[Opening "Sicilian: accelerated fianchetto, Maróczy bind"]
[ECO "B36"]
[Time "12:00:28"]
[TimeControl "2700+45"]

1. e4 c5 2. Nf3 Nc6 3. d4 cxd4 4. Nxd4 g6 5. c4 Nf6 6. f3 Nxd4 7. Qxd4 Bg7 8.
Be3 Qa5+ 9. Nc3 d6 10. Qd2 Be6 11. Rc1 O-O 12. Be2 Rfc8 13. b3 a6 14. a4 Nd7 15.
Nd5 Qxd2+ 16. Kxd2 Bxd5 17. exd5 Nc5 18. Rb1 h5 19. Bd3 Nxd3 20. Kxd3 b5 21. Bg5
Kf8 22. Rhe1 bxc4+ 23. bxc4 Rc7 24. Rb6 f6 25. Bf4 g5 26. Bg3 f5 27. Reb1 Rac8
28. R1b4 a5 29. R4b5 Rxc4 30. Rxa5 Rc3+ 31. Ke2 Rc2+ 32. Kf1 Rc1+ 33. Ke2 R8c2+
34. Kd3 Rc3+ 35. Kd2 R1c2+ 36. Kd1 Rxg2 37. Ra8+ Kf7 38. Rb7 Rd3+ 39. Ke1 f4 40.
Raa7 Bf6 41. Bf2 Rxh2 {White resigns} 0-1

[Event "Team 45 45 League T50"]
[Site "Internet Chess Club"]
[Date "2011.08.13"]
[Round "1"]
[White "Constrictor"]
[Black "noblitz-oblige"]
[Result "1-0"]
[WhiteElo "1637"]
[BlackElo "1634"]
[Opening "Queen's pawn game, Chigorin variation"]
[ECO "A04"]
[Time "21:10:32"]
[TimeControl "2700+45"]

1. Nf3 Nc6 2. d4 d5 3. c4 Nf6 4. Nc3 h6 5. cxd5 Nxd5 6. e4 Nxc3 7. bxc3 e6 8.
Bc4 Be7 9. O-O O-O 10. Rb1 a6 11. Bf4 Na5 12. Ne5 f6 13. Ng6 Nxc4 14. Nxf8 Bxf8
15. Qd3 b5 16. Qg3 Bd6 17. Rfd1 Bxf4 18. Qxf4 Qe7 19. e5 f5 20. Rd3 Qg5 21. Qf3
Nd2 22. Qxa8 Nxb1 23. Qxc8+ Kh7 24. Rd1 Nd2 25. Qb7 Ne4 26. Qxc7 f4 27. Qc6 f3
28. Qxe4+ {Black resigns} 1-0

[Event "Team 45 45 League T50"]
[Site "Internet Chess Club"]
[Date "2011.08.11"]
[Round "1"]
[White "Xanther"]
[Black "philosopherking"]
[Result "0-1"]
[WhiteElo "1454"]
[BlackElo "1487"]
[Opening "French: Steinitz, Boleslavsky variation"]
[ECO "C11"]
[Time "15:00:53"]
[TimeControl "2700+45"]

1. e4 e6 2. d4 d5 3. Nc3 Nf6 4. e5 Nfd7 5. f4 c5 6. Nf3 Nc6 7. Be3 cxd4 8. Nxd4
Bb4 9. Be2 Bxc3+ 10. bxc3 O-O 11. O-O Nb6 12. Nxc6 bxc6 13. Bc5 Re8 14. Bd6 Bb7
15. Rb1 Rc8 16. Bd3 c5 17. Bb5 Bc6 18. Ba6 Ra8 19. Bxc5 Na4 20. Bb4 Qb6+ 21. Kh1
Qxa6 22. Qd3 Bb5 23. Qd1 Bxf1 24. Qxf1 Qxf1+ 25. Rxf1 Rac8 26. Rf3 Rc4 27. Kg1
Rec8 28. f5 exf5 29. Rd3 Nxc3 30. a3 d4 31. Bxc3 dxc3 32. Rd7 Ra4 33. Kf2 Rxa3
34. Rd1 g6 35. Ke3 Ra4 36. Rd7 {White resigns} 0-1

[Event "Team 45 45 League T50"]
[Site "Internet Chess Club"]
[Date "2011.08.14"]
[Round "1"]
[White "FractalDante"]
[Black "chesskix"]
[Result "0-1"]
[WhiteElo "1510"]
[BlackElo "1431"]
[Opening "Sicilian: Alapin's variation (2.c3)"]
[ECO "B22"]
[Time "14:00:27"]
[TimeControl "2700+45"]

1. e4 c5 2. c3 Nc6 3. d4 cxd4 4. cxd4 e5 5. Nf3 Qa5+ 6. Bd2 Bb4 7. d5 Bxd2+ 8.
Nbxd2 Nd4 9. Nxe5 Nf6 10. Bd3 O-O 11. O-O d6 12. Nec4 Qc7 13. Rc1 Qe7 14. f3 b6
15. Nb3 Nxb3 16. Qxb3 Nd7 17. Qa3 Nc5 18. Be2 Ba6 19. b4 Bxc4 20. Rxc4 Nb7 21.
Rfc1 Rfd8 22. R4c2 a5 23. Rc7 Rd7 24. Rc8+ Rxc8 25. Rxc8+ Rd8 26. Rxd8+ Qxd8 27.
bxa5 bxa5 28. Bb5 Nc5 29. Bc6 Qb6 30. Kf2 Nxe4+ {White resigns} 0-1

[Event "Team 45 45 League T50"]
[Site "Internet Chess Club"]
[Date "2011.08.13"]
[Round "1"]
[White "redboot"]
[Black "DungBeetle"]
[Result "0-1"]
[WhiteElo "1646"]
[BlackElo "1610"]
[Opening "Ruy Lopez: old Steinitz defense"]
[ECO "C62"]
[Time "15:45:42"]
[TimeControl "2700+45"]

1. e4 e5 2. Nf3 Nc6 3. Bb5 d6 4. d4 exd4 5. Qxd4 Bd7 6. Bxc6 bxc6 7. O-O Nf6 8.
Bf4 Be7 9. h3 O-O 10. e5 Nd5 11. Bg3 Be6 12. a3 Qd7 13. Nbd2 Nb6 14. Ne4 c5 15.
Qd1 d5 16. Nc3 Rfd8 17. Bh4 Bxh4 18. Nxh4 Nc4 19. f4 Ne3 20. Qf3 Nxf1 21. Rxf1
d4 22. Ne4 Bd5 23. Nxc5 Bxf3 24. Nxd7 Bxg2 25. Kxg2 Rxd7 26. Kf3 d3 27. c3 d2
28. Rd1 Rd3+ 29. Ke2 Rxh3 30. Nf3 Rd8 31. Nxd2 Rhd3 {White resigns} 0-1

[Event "Team 45 45 League T50"]
[Site "Internet Chess Club"]
[Date "2011.08.12"]
[Round "1"]
[White "KnightOfCydonia"]
[Black "powerchess1"]
[Result "1-0"]
[WhiteElo "1721"]
[BlackElo "1576"]
[Opening "French: Winawer, advance variation"]
[ECO "C16"]
[Time "21:00:07"]
[TimeControl "2700+45"]

1. d4 e6 2. e4 d5 3. Nc3 Bb4 4. e5 Ne7 5. Bg5 c5 6. Nf3 Bd7 7. Bd3 Nbc6 8. a3
cxd4 9. axb4 dxc3 10. bxc3 Qc7 11. Bxe7 Nxe7 12. Ra3 Ng6 13. Bxg6 hxg6 14. O-O
Bb5 15. Re1 Qc4 16. Qd4 a6 17. Rea1 Rc8 18. Qxc4 Rxc4 19. Nd4 Bd7 20. b5 O-O 21.
bxa6 bxa6 22. Rxa6 Rxc3 23. Rd6 Rc7 24. f4 Rb8 25. Kf2 Be8 26. g4 Rc4 27. Ke3
Ba4 28. f5 gxf5 29. gxf5 exf5 30. Rxd5 Rbb4 31. Rd8+ Kh7 32. Rf1 Bxc2 33. Nxc2
Rxc2 34. Rxf5 Rb3+ 35. Rd3 Rbb2 36. Rxf7 Re2+ 37. Kd4 Rb4+ 38. Kc3 Rh4 39. Rg3
Rhxh2 40. Rfxg7+ Kh6 41. Kd4 Rh5 42. R3g6# {Black checkmated} 1-0

[Event "Team 45 45 League T50"]
[Site "Internet Chess Club"]
[Date "2011.08.14"]
[Round "1"]
[White "julesraider"]
[Black "chekbouncer"]
[Result "0-1"]
[WhiteElo "1501"]
[BlackElo "1500"]
[Opening "QGA, 4.e3"]
[ECO "D25"]
[Time "17:04:17"]
[TimeControl "2700+45"]

1. d4 d5 2. c4 dxc4 3. Nf3 Nf6 4. e3 c5 5. Bxc4 cxd4 6. exd4 Bf5 7. Qb3 e6 8.
Qxb7 Be4 9. Bb5+ Nbd7 10. Bc6 Bxc6 11. Qxc6 Rc8 12. Qa4 Rxc1+ 13. Ke2 Rxh1 14.
Ne5 Qb8 15. b3 Bb4 16. Nc6 Qd6 17. Qa6 Kf8 18. Qc8+ Ne8 19. Nc3 Rxa1 20. Nb5
Re1+ 21. Kf3 Qd5+ 22. Kg3 Qg5+ 23. Kf3 Bd2 24. g3 Qd5+ 25. Kg4 Qf5+ 26. Kh4 Re4+
{White resigns} 0-1

[Event "Team 45 45 League T50"]
[Site "Internet Chess Club"]
[Date "2011.08.13"]
[Round "1"]
[White "Skylab"]
[Black "Neoman"]
[Result "0-1"]
[WhiteElo "1272"]
[BlackElo "1604"]
[Opening "Queen's pawn game, Chigorin variation"]
[ECO "A04"]
[Time "14:01:00"]
[TimeControl "2700+45"]

1. Nf3 Nc6 2. d4 d5 3. e3 Bf5 4. a3 Nf6 5. h3 h6 6. Bd3 e6 7. Bxf5 exf5 8. Nc3
Be7 9. O-O O-O 10. Qd3 Qd7 11. Ne5 Qe6 12. f4 Ne4 13. Nxc6 Qxc6 14. Qb5 Qxb5 15.
Nxb5 c6 16. Nc3 b6 17. Nxe4 fxe4 18. Bd2 g6 19. Rf2 Kg7 20. Raf1 f5 21. Kh2 Rac8
22. Bb4 c5 23. dxc5 bxc5 24. Bc3+ Bf6 25. Bxf6+ Kxf6 26. c3 Rfd8 27. g4 d4 28.
cxd4 cxd4 29. g5+ hxg5 30. fxg5+ Kxg5 31. exd4 Rxd4 32. Re2 Rcd8 33. Rff2 f4 34.
Rc2 e3 35. Rg2+ Kh6 36. Rg4 Rd2+ 37. Rxd2 exd2 {White resigns} 0-1

[Event "Team 45 45 League T50"]
[Site "Internet Chess Club"]
[Date "2011.08.13"]
[Round "1"]
[White "SlimeDog2"]
[Black "TerryMalloy"]
[Result "1/2-1/2"]
[WhiteElo "2106"]
[BlackElo "1984"]
[Opening "English: Neo-Catalan accepted"]
[ECO "A13"]
[Time "21:16:29"]
[TimeControl "2700+45"]

1. Nf3 Nf6 2. c4 e6 3. g3 d5 4. Bg2 dxc4 5. Qc2 a6 6. O-O b5 7. a4 Bb7 8. axb5
axb5 9. Rxa8 Bxa8 10. b3 Bd6 11. bxc4 bxc4 12. Qxc4 O-O 13. Nc3 Nbd7 14. d3 Nb6
15. Qb3 Qd7 16. Bg5 Nbd5 17. Ra1 Nxc3 18. Qxc3 Nd5 19. Qb2 Nb6 20. Be3 Rb8 21.
Ra7 Qe8 22. Qa1 Bc6 23. Ne5 Bxg2 24. Kxg2 Bxe5 25. Qxe5 Qc6+ 26. f3 Nd5 27. Bd4
f6 28. Qe4 e5 29. Ba1 Rd8 30. Qa4 Ne3+ 31. Kf2 Qc5 32. Qa2+ Kh8 33. d4 Qc1 34.
Qa3 Nd1+ 35. Ke1 Nb2+ 36. Kf2 Nd1+ 37. Ke1 Nb2+ 38. Kf2 Nd1+ {Game drawn by
repetition} 1/2-1/2

[Event "Team 45 45 League T50"]
[Site "Internet Chess Club"]
[Date "2011.08.14"]
[Round "1"]
[White "Warpdrive"]
[Black "bondguy01"]
[Result "1/2-1/2"]
[WhiteElo "1624"]
[BlackElo "1683"]
[Opening "Ruy Lopez: Schliemann defense, Berger variation"]
[ECO "C63"]
[Time "19:02:48"]
[TimeControl "2700+45"]

1. e4 e5 2. Nf3 Nc6 3. Bb5 f5 4. Nc3 fxe4 5. Nxe4 Nf6 6. Qe2 d5 7. Neg5 Bd6 8.
Nxe5 O-O 9. Nxc6 bxc6 10. Bxc6 Rb8 11. d3 Rb6 12. Ba4 Bc5 13. O-O Ng4 14. Nf3
Re6 15. Qd1 Qd6 16. h3 Rxf3 17. hxg4 Rf8 18. d4 Bb6 19. Be3 Re4 20. g5 c6 21.
Re1 Bc7 22. g3 Bg4 23. Qd2 Qe6 24. f4 Re8 25. Bf2 Qg6 26. Rxe4 Rxe4 27. Re1 Bd7
28. Rxe4 Qxe4 29. Qe3 Qf5 30. c3 Kf8 31. Qe1 Qg4 32. Bd1 Qf5 33. Qd2 Qh3 34. Be1
Bf5 35. Qg2 Kf7 36. Qxh3 Bxh3 37. Bf3 Bf5 38. Bd2 Bb1 39. a3 Ba2 40. g4 g6 41.
Kg2 Bc4 42. Kf2 a5 43. Be2 Bb3 44. Bd3 a4 45. f5 gxf5 46. gxf5 Bd1 47. Be2 Bg3+
48. Kxg3 Bxe2 49. Kf4 Ke7 50. Ke5 Bd3 51. Be1 Kf7 52. Bh4 Bb5 53. Kd6 Ke8 54.
Ke6 Kf8 55. f6 Be2 56. Bg3 Bg4+ 57. Kd6 Kf7 58. Kxc6 Bf3 59. Kd6 Be4 60. Kc5 Ke6
61. Be5 Kf7 62. Kb4 Bc2 63. c4 dxc4 64. Kxc4 Bb3+ 65. Kc5 Ke6 66. Bf4 Kf5 67.
Bd2 Ke6 68. f7 Kxf7 69. d5 Ke7 70. Kc6 Kd8 71. Ba5+ Ke8 72. Kd6 Bc4 73. Bb4 Bb5
74. Ke5 Kf7 75. d6 Bd7 76. Bd2 Bc6 77. Kd4 Ke6 78. Kc5 Bd7 79. Bf4 Kf7 80. Kc4
Be6+ 81. Kb4 Bb3 82. Ka5 Ke6 83. Kb6 Kd7 84. Kc5 Be6 85. Be5 Bb3 86. Bg7 Be6 87.
b4 axb3 88. a4 Bg4 89. a5 Be2 90. Be5 Bf3 91. a6 Ke6 92. a7 Ba8 93. Bb2 Kd7 94.
Be5 {Game drawn by mutual agreement} 1/2-1/2

[Event "Team 45 45 League T50"]
[Site "Internet Chess Club"]
[Date "2011.08.13"]
[Round "1"]
[White "Buford-Julep"]
[Black "BotanicalKnight"]
[Result "1/2-1/2"]
[WhiteElo "1655"]
[BlackElo "1605"]
[Opening "Caro-Kann: two knights, 3...Bg4"]
[ECO "B10"]
[Time "08:02:42"]
[TimeControl "2700+45"]

1. e4 c6 2. Nf3 d5 3. Nc3 Bg4 4. h3 Bxf3 5. gxf3 e6 6. d4 Nd7 7. Be3 Bb4 8. a3
Ba5 9. Qd3 Ne7 10. O-O-O b5 11. Na2 Qb8 12. Nb4 Bc7 13. Bg5 Bf4+ 14. Bxf4 Qxf4+
15. Qe3 Qxe3+ 16. fxe3 a5 17. Nd3 O-O 18. exd5 cxd5 19. b3 Nf5 20. Kd2 Ng3 {Game
drawn by mutual agreement} 1/2-1/2

[Event "Team 45 45 League T50"]
[Site "Internet Chess Club"]
[Date "2011.08.12"]
[Round "1"]
[White "check-man"]
[Black "randallsr"]
[Result "1-0"]
[WhiteElo "1744"]
[BlackElo "1732"]
[Opening "French: Winawer, advance variation"]
[ECO "C16"]
[Time "15:02:33"]
[TimeControl "2700+45"]

1. e4 e6 2. d4 d5 3. Nc3 Bb4 4. e5 h6 5. Bd2 Ne7 6. Nf3 Bd7 7. a3 Bxc3 8. Bxc3
O-O 9. Be2 Qe8 10. O-O Bb5 11. Bb4 Bxe2 12. Qxe2 Na6 13. Bd2 c5 14. c4 dxc4 15.
Qxc4 Rc8 16. Rac1 Nd5 17. dxc5 Rxc5 18. Qg4 Rxc1 19. Rxc1 f5 20. exf6 Nxf6 21.
Qc4 Nd5 22. Ne5 Nac7 23. Qg4 Rf6 24. Qg3 Qh5 25. f3 Ne8 26. Rc8 Ne7 27. Rb8 Kh7
28. Rxb7 Ng6 29. Ng4 Rf5 30. Bxh6 Rd5 31. Nf6+ Nxf6 32. Be3 Qf5 33. Qh3+ Qxh3
34. gxh3 Ne5 35. Rxa7 Nxf3+ 36. Kf2 Nd2 37. Ra4 Nde4+ 38. Kf3 Nc5 39. Ra5 Rf5+
40. Ke2 Nfd7 41. b4 Nb7 42. Rxf5 exf5 43. a4 Kg6 44. a5 Nb8 45. Bf4 Na6 46. b5
Nxa5 47. bxa6 Nc6 48. Be3 Kh5 49. Kf3 g5 50. a7 Nxa7 51. Bxa7 Kh4 52. Kg2 f4 53.
Bf2+ Kh5 54. Kf3 Kh6 55. Kg4 Kg6 56. Bb6 Kf6 57. Bd8+ Kg6 58. Bxg5 f3 59. Be3 f2
60. Bxf2 Kh7 61. h4 Kh6 62. Be3+ Kh7 63. Kg5 Kh8 64. Kg6 Kg8 65. Bd4 Kf8 66. h5
{Black resigns} 1-0

[Event "Team 45 45 League T50"]
[Site "Internet Chess Club"]
[Date "2011.08.11"]
[Round "1"]
[White "Goli"]
[Black "ryan2chess"]
[Result "1/2-1/2"]
[WhiteElo "1826"]
[BlackElo "1879"]
[Opening "Sicilian: Alapin's variation (2.c3)"]
[ECO "B22"]
[Time "15:30:24"]
[TimeControl "2700+45"]

1. e4 c5 2. c3 Nf6 3. e5 Nd5 4. d4 cxd4 5. cxd4 Nc6 6. Nf3 d6 7. Bc4 Nb6 8. Bb5
Bd7 9. exd6 e6 10. Bf4 a6 11. Bd3 Nd5 12. Bg3 Qb6 13. Qe2 Nxd4 14. Nxd4 Qxd4 15.
O-O Nf4 16. Bxf4 Qxf4 17. Rd1 Bxd6 18. g3 Qe5 19. Qd2 Qd4 20. Nc3 Bb4 21. Qg5
Bxc3 22. bxc3 Qxc3 23. Rac1 Qf6 24. Qc5 Qe7 25. Qxe7+ Kxe7 26. Rc7 Rhd8 27. Rxb7
h6 28. Be4 Rac8 29. Ra7 Rc4 30. Bg2 Ke8 31. Bf1 Ra4 32. Rxa6 Rxa6 33. Bxa6 Ba4
34. Rxd8+ Kxd8 35. h4 {Game drawn by mutual agreement} 1/2-1/2

[Event "Team 45 45 League T50"]
[Site "Internet Chess Club"]
[Date "2011.08.11"]
[Round "1"]
[White "anna"]
[Black "justice02"]
[Result "0-1"]
[WhiteElo "1549"]
[BlackElo "1722"]
[Opening "Caro-Kann: exchange variation"]
[ECO "B13"]
[Time "21:30:23"]
[TimeControl "2700+45"]

1. e4 c6 2. d4 d5 3. exd5 cxd5 4. Nf3 Bf5 5. Nc3 Nf6 6. Ne5 Nbd7 7. Bf4 Rc8 8.
Nxd7 Bxd7 9. Bd3 a6 10. Qe2 g6 11. O-O-O Bg7 12. Bg5 e6 13. Nxd5 O-O 14. Nxf6+
Bxf6 15. Bxf6 Qxf6 16. Rhe1 Qg5+ 17. Kb1 Bc6 18. g3 Rfd8 19. f4 Qa5 20. Bc4 Ba4
21. b3 Qb4 22. d5 exd5 23. Bxd5 Bd7 24. Qf2 Bf5 25. Rd2 Rxd5 26. Rxd5 Bxc2+ 27.
Kc1 Bxb3+ 28. Kb1 Bxd5+ {White resigns} 0-1

[Event "Team 45 45 League T50"]
[Site "Internet Chess Club"]
[Date "2011.08.12"]
[Round "1"]
[White "qs16"]
[Black "juniorVishy"]
[Result "0-1"]
[WhiteElo "1696"]
[BlackElo "1658"]
[Opening "Queen's pawn game"]
[ECO "D00"]
[Time "14:00:30"]
[TimeControl "2700+45"]

1. d4 d5 2. Nd2 Bf5 3. e3 e6 4. c4 c6 5. cxd5 cxd5 6. Bb5+ Nd7 7. Ngf3 a6 8. Ba4
b5 9. Bc2 Bxc2 10. Qxc2 Qc8 11. Qd3 Bd6 12. O-O Ngf6 13. e4 dxe4 14. Nxe4 Nxe4
15. Qxe4 Nf6 16. Qe2 O-O 17. Bg5 Nd5 18. Rac1 Qd7 19. Ne5 Qb7 20. Bh4 Be7 21.
Bxe7 Nxe7 22. Rc2 Qd5 23. b3 Nf5 24. Rd2 Nxd4 25. Qe3 Nf5 26. Qf4 Qb7 27. Rfd1
Rac8 28. Qg4 Kh8 29. Rd7 Rc7 30. Nxf7+ Kg8 31. Nh6+ Kh8 32. Nf7+ Kg8 33. Nd6 Qa7
34. Nxf5 Rxd7 35. Ne3 Rxd1+ 36. Nxd1 Qf7 37. h3 Qf5 38. Qe2 Kh8 39. Ne3 Qe5 40.
Qd2 Qa1+ 41. Kh2 Qf6 42. Kg1 Rc8 43. Ng4 Qc3 44. Qd6 Qc1+ 45. Kh2 Qc7 46. Qe5
Qxe5+ 47. Nxe5 Rc2 48. a4 bxa4 49. bxa4 Rxf2 50. Kg3 Ra2 51. Nd3 Ra3 {White
resigns} 0-1